 Dungeon Crawl Stone Soup version 0.31-a0-1074-g0b22e4e0f1 (webtiles) character file.

Game seed: 1372238229541966938

1374 BigPumpCobain the Cleaver (level 8, 0/73 HPs)
             Began as a Minotaur Fighter on Dec 7, 2023.
             Was an Initiate of the Shining One.
             Slain by an iguana (9 damage)
             ... on level 7 of the Dungeon.
             The game lasted 00:11:36 (4806 turns).

BigPumpCobain the Cleaver (Minotaur Fighter)        Turns: 4806, Time: 00:11:37

Health: 0/73       AC: 13    Str: 23    XL:     8   Next: 39%
Magic:  7/7        EV:  9    Int:  5    God:    the Shining One [......]
Gold:   333        SH:  4    Dex: 10    Spells: 7/7 levels left

rFire   + . .        a - +2 war axe
rCold   + + .        c - +0 buckler
rNeg    + . .        x - +2 scale mail {rC+}
rPois   .            (helmet restricted)
rElec   .            y - scarf {rC+ rF+}
rCorr   .            (no gloves)
SInv    .            (no boots)
Will    .....        n - amulet of the acrobat Stlth
                     g - ring of positive energy
HPRegen 0.32/turn    w - +4 ring of protection
MPRegen 0.10/turn

%: acrobat
@: glowing
A: horns 2, retaliatory headbutt
a: Renounce Religion


You were on level 7 of the Dungeon.
You worshipped the Shining One.
The Shining One was noncommittal.
You visited 1 branch of the dungeon, and saw 7 of its levels.
You also visited: Ossuary.

You collected 333 gold pieces.

Inventory:

Hand Weapons
 a - a +2 war axe (weapon)
 j - a +0 morningstar
Missiles
 A - a throwing net
Armour
 c - a +0 buckler (worn)
 m - the +0 ring mail "Sisih" {+Blink +Inv Str+3}
   (You found it on level 3 of the Dungeon)

   Str+3:     It affects your strength (+3).
   +Inv:      It lets you turn invisible.
   +Blink:    It lets you blink.
 x - a +2 scale mail of cold resistance (worn)
 y - a scarf of resistance (worn)
Jewellery
 g - a ring of positive energy (left hand)
 i - a ring of magical power
 n - an amulet of the acrobat (around neck)
 w - a +4 ring of protection (right hand)
Wands
 r - a wand of iceblast (7)
Scrolls
 h - 4 scrolls of teleportation
 l - a scroll of amnesia
 q - 3 scrolls of immolation
 B - a scroll of fear
 D - a scroll of fog
 E - a scroll of noise
 F - a scroll of butterflies
Potions
 b - 2 potions of haste {unknown}
 d - 3 potions of might
 e - 2 potions of berserk rage {unknown}
 f - a potion of cancellation {unknown}
 k - 4 potions of mutation {unknown}
 o - 4 potions of heal wounds {unknown}
 p - 2 potions of attraction {unknown}
 s - a potion of invisibility {unknown}
 t - a potion of brilliance {unknown}
 u - a potion of enlightenment {unknown}
 v - 3 potions of degeneration {unknown}
 z - 3 potions of curing {unknown}


   Skills:
 + Level 7.1 Fighting
 * Level 9.1 Axes
 + Level 7.1 Armour
 - Level 3.6 Shields


You had 7 spell levels left.
You didn't know any spells.
Your spell library contained the following spells:

 Spells                   Type           Power      Damage    Failure   Level
 Apportation              Tloc           0%         N/A       83%         1
 Jinxbite                 Hex            0%         N/A       92%         2
 Poisonous Vapours        Pois/Air       0%         N/A       92%         2
 Mephitic Cloud           Conj/Pois/Air  0%         N/A       99%         3
 Leda's Liquefaction      Hex/Erth       0%         N/A       100%        4
 Alistair's Intoxication  Tmut/Pois      0%         N/A       100%        5
 Freezing Cloud           Conj/Ice/Air   0%         6-21      100%        5
 Lee's Rapid Deconstruct  Erth           0%         3d4*      100%        5
 Bombard                  Conj/Erth      0%         9d1       100%        6


Dungeon Overview and Level Annotations

Branches:
Dungeon (7/15)            Ossuary (visited)
 Temple: D:4-7

Altars:
Cheibriados
Qazlal
Ru
Sif Muna
Uskayaw
Vehumet
The Shining One

Shops:
D:1 [   D:3 [


Innate Abilities, Weirdness & Mutations

You have a pair of horns on your head.
You reflexively headbutt those who attack you in melee.


Message History

Something hits you.
The orc warrior hits you with a +0 broad axe.
Something hits you but does no damage.
The orc priest hits you but does no damage.
You climb downwards.
Reactivating autopickup.
The iguana bites you.
There is a stone staircase leading up here.
You hit the orc warrior. You headbutt the orc warrior!
The orc warrior is almost dead.
You hit something. You hit the orc priest. You hit the iguana.
The orc warrior hits you with a +0 broad axe!
* * * LOW HITPOINT WARNING * * *
The iguana closely misses you.
You hear some strange, mumbled words.
A magic dart appears from out of thin air!
Deactivating autopickup; reactivate with Ctrl-A.
The magic dart hits you.
* * * LOW HITPOINT WARNING * * *
The orc priest mumbles some strange prayers to Beogh against you.
You struggle to resist.
You hit the orc warrior but do no damage.
You headbutt the orc warrior, but do no damage.
The orc warrior is severely wounded.
You closely miss something. You barely miss the orc priest.
You hit the iguana but do no damage.
The orc warrior hits you with a +0 broad axe.
* * * LOW HITPOINT WARNING * * *
The iguana closely misses you. Something hits you but does no damage.
The orc priest hits you with a +0 dagger.
* * * LOW HITPOINT WARNING * * *
You hit the orc warrior but do no damage.
Your headbutt misses the orc warrior.
The orc warrior is severely wounded.
You closely miss the iguana. You closely miss something.
You hit the orc priest.
The orc warrior hits you with a +0 broad axe.
* * * LOW HITPOINT WARNING * * *
The iguana bites you!
You die...

## ###. ###...
## #..... ...
##..... ..#.
#.....!###.....
#.....l.{......
#......@o..#
##....o...##
##..........
##...........
..>.......##.
.............
...............
...........#...


You could see an orc warrior, an iguana and an orc priest.

Vanquished Creatures
  A wraith (Ossuary)
  Eustachio (D:4)
  An ogre (D:5)
  A black bear (D:4)
  2 scorpions
  2 water moccasin zombies (Ossuary)
  A wight (D:6)
  A centaur zombie (Ossuary)
  2 bullfrog zombies (Ossuary)
  Crazy Yiuf (D:4)
  2 iguanas (D:5)
  Ijyb (D:3)
  2 scorpion zombies (Ossuary)
  Natasha (thrice) (D:4)
  2 orc wizards (D:4)
  A gnoll (D:2)
  9 adders
  2 ufetubi (D:5)
  6 adder zombies (Ossuary)
  2 worms
  3 dart slugs
  14 orcs
  5 bats
  8 endoplasms
  3 giant cockroaches
  3 gnoll zombies (Ossuary)
  8 goblins
  8 hobgoblins
  8 jackals (D:1)
  8 kobolds
  6 quokkas
  6 ball pythons
  A frilled lizard (D:2)
  3 goblin zombies (Ossuary)
  2 hobgoblin zombies (Ossuary)
  2 orc zombies (Ossuary)
  7 rats
138 creatures vanquished.

Notes
Turn   | Place    | Note
-------+----------+-------------------------------------------
     0 | D:1      | BigPumpCobain the Minotaur Fighter began the quest for the
                  | Orb.
     0 | D:1      | Reached XP level 1. HP: 19/19 MP: 0/0
    38 | D:1      | Found Hitanopa's Antique Armour Boutique.
   117 | D:1      | Reached XP level 2. HP: 26/27 MP: 1/1
   119 | D:1      | Reached skill level 3 in Axes
   491 | D:1      | Reached XP level 3. HP: 31/33 MP: 2/2
   927 | D:2      | Reached skill level 4 in Axes
  1054 | D:2      | Reached XP level 4. HP: 38/41 MP: 3/3
  1434 | D:3      | Found a faded altar of an unknown god.
  1534 | D:3      | Identified the +0 ring mail "Sisih" {+Blink +Inv Str+3}
  1680 | D:3      | Found Kaij Hah's Armour Shoppe.
  1724 | D:3      | Noticed Ijyb
  1732 | D:3      | Killed Ijyb
  1733 | D:3      | Reached XP level 5. HP: 43/47 MP: 4/4
  1947 | D:3      | Reached skill level 5 in Axes
  2008 | D:4      | Noticed a black bear
  2016 | D:4      | Killed a black bear
  2017 | D:4      | Reached skill level 5 in Fighting
  2017 | D:4      | Reached skill level 5 in Armour
  2180 | D:4      | Reached XP level 6. HP: 56/56 MP: 5/5
  2194 | D:4      | Noticed Natasha
  2202 | D:4      | Killed Natasha
  2243 | D:4      | Found a runed translucent door.
  2373 | D:4      | Reached skill level 6 in Axes
  2379 | D:4      | Noticed Natasha
  2385 | D:4      | Killed Natasha
  2575 | D:4      | Noticed Eustachio
  2592 | D:4      | Killed Eustachio
  2593 | D:4      | Reached XP level 7. HP: 50/62 MP: 6/6
  2666 | D:4      | Reached skill level 7 in Axes
  2769 | D:4      | Noticed Crazy Yiuf
  2829 | D:4      | Noticed Natasha
  2838 | D:4      | Killed Natasha
  2916 | D:4      | Found a stormy altar of Qazlal.
  3061 | D:4      | Killed Crazy Yiuf
  3180 | D:5      | Entered Level 5 of the Dungeon
  3371 | D:5      | Found a radiant altar of Vehumet.
  3463 | D:5      | Found a glowing golden altar of the Shining One.
  3463 | D:5      | Found a shimmering blue altar of Sif Muna.
  3600 | D:5      | Found a sand-covered staircase.
  3605 | Ossuary  | Entered an ossuary
  3682 | Ossuary  | Reached skill level 8 in Axes
  3728 | Ossuary  | Reached XP level 8. HP: 71/71 MP: 7/7
  3850 | Ossuary  | Noticed a silent spectre
  3916 | D:5      | Reached skill level 9 in Axes
  4569 | D:5      | Found a sacrificial altar of Ru.
  4661 | D:5      | Found a hide-covered altar of Uskayaw.
  4661 | D:5      | Found a snail-covered altar of Cheibriados.
  4672 | D:5      | Became a worshipper of the Shining One
  4806 | D:7      | Slain by an iguana

Illustrated notes

Levels and vault maps discovered:
D:1:      minmay_arrival_loop, layout_basic, serial_shops, shop,
          minmay_box_of_dots
D:2:      layout_rooms, grunt_ministairs_4, minmay_split_cup_large
D:3:      layout_loops_ring, hellmonk_ecumenical_altar_blasted, serial_shops,
          shop, uniq_ijyb
D:4:      layout_loops_ring, mainiacjoe_overflow_alcove_2, uniq_eustachio,
          uniq_crazy_yiuf_cottage, uniq_natasha
D:5:      layout_basic, kennysheep_mini_moat, nicolae_overflow_hidden_temple,
          nicolae_ossuary_entry_false_entrances, guppyfry_early_lair_pool
D:6:      layout_loops_ring
D:7:      layout_cave_pools, nicolae_overflow_crystal_walls,
          minmay_temple_entry_drinking_statues, nicolae_shop_gadgets

Skill      XL: |  1  2  3  4  5  6  7  8 |
---------------+-------------------------+-----
Axes           | 3 4 5 6 8 9 |  9.1
Fighting       | 4 5 6 7 |  7.1
Armour         | 4 5 6 7 |  7.1
Shields        | |  3.6

Action                     |  1- 3 |  4- 6 |  7- 9 || total
---------------------------+-------+-------+-------++-------
  Melee: War axe           |   109 |   128 |   123 ||   360
         Headbutt          |    11 |    20 |    20 ||    51
    Use: Scroll            |     2 |     7 |     5 ||    14
 Armour: Scale mail        |    84 |    74 |    95 ||   253
  Dodge: Dodged            |    50 |    65 |    72 ||   187
  Block: Buckler           |    23 |    24 |    27 ||    74

Table legend: (Time is in decaauts)
 A = Elapsed time spent in this place.
 B = Non-inter-level travel time spent in this place.
 C = Inter-level travel time spent in this place.
 D = Time resting spent in this place.
 E = Time spent auto-exploring this place.
 F = Levels seen in this place.
 G = Mean time per level.
                   A        B        C        D        E       F      G
               +--------+--------+--------+--------+--------+-----+--------+
         Total |   4901 |   4606 |    295 |    220 |   3461 |   8 |  612.6 |
       Dungeon |   4606 |   4311 |    295 |    220 |   3277 |   7 |  658.0 |
       Ossuary |    295 |    295 |      0 |      0 |    184 |   1 |  295.0 |
               +--------+--------+--------+--------+--------+-----+--------+

Top non-repeatable levels by time:
     D:4: 1197 daAuts
     D:5: 1196 daAuts
     D:1: 722 daAuts
     D:2: 710 daAuts
     D:3: 625 daAuts
 Ossuary: 295 daAuts
     D:6: 138 daAuts
     D:7: 14 daAuts
